 Dungeon Crawl Stone Soup version 0.28-a0-1613-gdaab1c2f9b (webtiles) character file.

Game seed: 14317876059558627824

298 murtidash the Magician (level 6, 0/47 HPs)
             Began as a Djinni Cinder Acolyte on Jan 21, 2022.
             Was a High Priest of Ignis.
             Hit by a stone thrown by an orc (2 damage)
             ... on level 4 of the Dungeon.
             The game lasted 00:03:38 (3958 turns).

murtidash the Magician (Djinni Cinder Acolyte)      Turns: 3958, Time: 00:03:39

Health: 0/47       AC:  2    Str: 19    XL:     6   Next: 62%
Gold:   135        EV: 11    Int: 18    God:    Ignis [*****.] SH:  0 Dex:  8

rFire   + + +      SeeInvis .   a - -1 falchion (flame)
rCold   x . .      Faith    .   (no shield)
rNeg    . . .      Spirit   .   b - +0 robe
rPois   ∞          Reflect  .   (no helmet)
rElec   .          Harm     .   (no cloak)
rCorr   .          Rampage  .   (no gloves)
Will    .....                   (boots unavailable)
Stlth   +.........              (no amulet)
HPRegen 0.15/turn               h - +6 ring of strength
MPRegen 0.00/turn               (no ring)

@: flying
A: sickness immunity, fire resistance 2, cold vulnerability 1, float, innate
caster, hp casting, extra vitality 1
a: Renounce Religion, Fiery Armour, Foxfire Swarm, Rising Flame


You were on level 4 of the Dungeon.
You worshipped Ignis.
Ignis was extremely pleased with you.
You visited 1 branch of the dungeon, and saw 4 of its levels.

You collected 135 gold pieces.

Inventory:

Hand Weapons
 a - a -1 falchion of flaming (weapon)
Armour
 b - a +0 robe (worn)
Jewellery
 h - a +6 ring of strength (left hand)
   (You took it off a hobgoblin on level 2 of the Dungeon)
 k - an amulet of regeneration {+regen, !d}
   (You found it on level 2 of the Dungeon)
Scrolls
 e - a scroll of fog {unknown}
 f - 3 scrolls of identify {unknown}
 g - a scroll of fear {unknown}
 j - a scroll of teleportation {unknown}
 l - a scroll of magic mapping {unknown}
 p - a scroll of vulnerability {unknown}
Potions
 c - a potion of berserk rage {unknown}
 d - a potion of might {unknown}
 m - a potion of attraction {unknown}
 n - a potion of degeneration {unknown}
 o - a potion of haste {unknown}


   Skills:
 + Level 3.9 Fighting
 - Level 2.6 Long Blades
 * Level 5.0 Spellcasting


You had 10 spell levels left.
You knew the following spells:

 Your Spells              Type           Power      Damage    Failure   Level
a - Scorch                Fire           44%        2d7       2%          2
b - Searing Ray           Conj           44%        2d6       2%          2
Z - Summon Small Mammal   Summ           88%        N/A       1%          1
Your spell library was empty.

Dungeon Overview and Level Annotations

Branches:
Dungeon (4/15)
 Temple: D:4-7

Altars:
Nemelex Xobeh


Innate Abilities, Weirdness & Mutations

You are immune to sickness and miasma.
You are immune to poison.
Your flesh is very heat resistant. (rF++)
You are vulnerable to cold. (rC-)
You float through the air rather than walking.
You learn spells naturally, not from books.
Your magical power is your life essence.
You have superior vitality. (+4 MHP)


Message History

You take 10 damage, and have 6/40 hp.
MASSIVE DAMAGE!!
The searing ray hits the ogre.
You kill the ogre!
The searing ray hits the orc.
* * * LOW HITPOINT WARNING * * *
You have reached level 6!
The searing ray hits the orc!
You kill the orc!
* * * LOW HITPOINT WARNING * * *
You finish channelling your searing ray.
You take 1 damage, and have 5/46 hp.
A kobold comes into view. It is wielding a +0 short sword.
You regained 11 hp, and now have 16/46 hp.
You are too injured to fight recklessly!
You can't see any susceptible monsters within range! (Use Z to cast anyway.)
The kobold shouts!
Flames lash the kobold.
You kill the kobold!
You take 2 damage, and have 14/46 hp.
You can't see any susceptible monsters within range! (Use Z to cast anyway.)
An orc comes into view. It is wielding a +0 hand axe.
You regained 24 hp, and now have 38/46 hp.
The orc shouts!
You hear a shout! x2
Flames lash the orc.
You kill the orc!
You hear a shout! x2
You take 2 damage, and have 36/46 hp.
You can't see any susceptible monsters within range! (Use Z to cast anyway.)
You can't see any susceptible monsters within range! (Use Z to cast anyway.)
An orc comes into view. It is wielding a +0 club.
An orc wizard comes into view. It is wielding a +0 dagger.
Flames lash the orc.
You kill the orc!
You hear a shout!
An orc priest comes into view. It is wielding a +0 mace.
The orc wizard gestures at you while chanting.
The puff of flame hits you. You resist.
You take 3 damage, and have 34/46 hp.
You can't see any susceptible monsters within range! (Use Z to cast anyway.)
The orc priest shouts!
You can't see any susceptible monsters within range! (Use Z to cast anyway.)
An orc wizard comes into view. It is wielding a +0 dagger.
Flames lash the orc wizard.
The orc wizard's fire resistance burns away.
An orc wizard comes into view. It is wielding a +0 dagger.
You take 2 damage, and have 33/46 hp.
Flames lash the orc wizard.
The orc wizard is burned terribly!
You kill the orc wizard!
You take 2 damage, and have 31/46 hp.
Flames lash the orc priest.
The orc priest's fire resistance burns away.
You take 2 damage, and have 29/46 hp.
Flames lash the orc wizard.
The orc wizard's fire resistance burns away.
You hear a shout!
The orc priest looks satisfied for a moment.
The orc wizard hits you with a +0 dagger.
You take 5 damage, and have 24/46 hp.
Flames lash the orc priest.
The orc priest is burned terribly!
You kill the orc priest!
The orc wizard mumbles some strange words.
The orc wizard flickers and vanishes!
Deactivating autopickup; reactivate with Ctrl-A.
You take 1 damage, and have 23/47 hp.
Flames lash the orc wizard but do no damage.
The orc wizard barely misses you.
You take 2 damage, and have 21/47 hp.
Flames lash the orc wizard.
The orc wizard's fire resistance burns away.
Something hits you. The orc wizard barely misses you.
You take 3 damage, and have 18/47 hp.
Flames lash the orc wizard.
The orc wizard is burned terribly!
You kill the orc wizard!
An orc comes into view. It is wielding a +0 hand axe.
Something hits you.
* * * LOW HITPOINT WARNING * * *
You take 5 damage, and have 13/47 hp.
Flames lash something.
* * * LOW HITPOINT WARNING * * *
Something hits you.
* * * LOW HITPOINT WARNING * * *
An orc wizard comes into view. It is wielding a +0 dagger.
You take 5 damage, and have 8/47 hp.
Flames lash the orc.
The orc's fire resistance burns away.
* * * LOW HITPOINT WARNING * * *
The orc throws a stone.
The stone closely misses you. Something hits you.
* * * LOW HITPOINT WARNING * * *
The orc wizard gestures at you while chanting.
You take 4 damage, and have 4/47 hp.
Flames lash something.
Reactivating autopickup.
You feel a bit more experienced.
* * * LOW HITPOINT WARNING * * *
The orc throws a stone.
The stone closely misses you.
Your Spellcasting skill increases to level 5!
You take 2 damage, and have 2/47 hp.
It was a potion of flight.
You feel more buoyant.
The orc throws a stone.
The stone hits you.
You die...

##.###..###.#
#..###..... #
#.#........
.###.#.##.####
...........#
#.##).#.##.#
#.##..#.##.#
###.........##
....)o)@...##
####.#)##.##
#.#) ### #) #.
#o .# #


You could see an orc wizard and an orc (combustible).

Vanquished Creatures
  An ogre (D:4)
  An orc priest (D:4)
  Terence (D:3)
  3 orc wizards (D:4)
  A hound skeleton (D:3)
  3 worms
  A dart slug (D:1)
  6 orcs
  3 bats (D:1)
  11 endoplasms
  5 giant cockroaches
  3 goblins
  4 hobgoblins
  2 jackals (D:1)
  5 kobolds
  3 quokkas
  4 ball pythons
  2 frilled lizards
  2 rats
61 creatures vanquished.

Notes
Turn   | Place    | Note
-------+----------+-------------------------------------------
     0 | D:1      | murtidash the Djinni Cinder Acolyte began the quest for the
                  | Orb.
     0 | D:1      | Reached XP level 1. HP: 20/20 MP: 0/0
   181 | D:1      | HP: 4/20 [jackal (1)]
   184 | D:1      | Reached XP level 2. HP: 5/25 MP: 0/0
   188 | D:1      | HP: 2/25 [goblin (1)]
   653 | D:1      | Reached skill level 3 in Spellcasting
  1050 | D:1      | Reached XP level 3. HP: 28/30 MP: 0/0
  1050 | D:1      | Learned a level 1 spell: Summon Small Mammal
  2573 | D:3      | Found a faded altar of an unknown god.
  2612 | D:3      | Noticed Terence
  2616 | D:3      | Killed Terence
  2617 | D:3      | Reached XP level 4. HP: 31/35 MP: 0/0
  2836 | D:3      | Found a sparkling altar of Nemelex Xobeh.
  2917 | D:3      | Reached skill level 4 in Spellcasting
  2990 | D:3      | Reached XP level 5. HP: 27/40 MP: 0/0
  2990 | D:3      | Learned a level 2 spell: Searing Ray
  3689 | D:4      | Noticed an ogre
  3698 | D:4      | HP: 6/40 [ogre (9)]
  3699 | D:4      | Killed an ogre
  3700 | D:4      | Reached XP level 6. HP: 6/46 MP: 0/0
  3955 | D:4      | HP: 8/47 [something (4)]
  3958 | D:4      | Reached skill level 5 in Spellcasting
  3958 | D:4      | Hit by a stone thrown by an orc

Illustrated notes

Levels and vault maps discovered:
D:1:      psy_arrival_terrarium, layout_loops_ring
D:2:      layout_loops_ring
D:3:      layout_basic, nemelex_dance_club_becter,
          hellmonk_ecumenical_altar_leap_of_faith, uniq_terence
D:4:      layout_loops_ring, nicolae_sif_muna_condensation, kennysheep_donut,
          minmay_fractal_squares_gapless_5

Skill      XL: |  1  2  3  4  5  6 |
---------------+-------------------+-----
Spellcasting   | 3 4 5 |  5.0
Fighting       | |  3.9
Long Blades    | |  2.6

Action                   |  1- 3 |  4- 6 || total
-------------------------+-------+-------++-------
Melee: Falchion          |    40 |       ||    40
 Cast: Scorch            |    37 |    32 ||    69
       Searing Ray       |       |     7 ||     7
  Use: Potion            |       |     1 ||     1
Armor: Robe              |    13 |       ||    13
Dodge: Dodged            |    25 |     6 ||    31

Table legend: (Time is in decaauts)
 A = Elapsed time spent in this place.
 B = Non-inter-level travel time spent in this place.
 C = Inter-level travel time spent in this place.
 D = Time resting spent in this place.
 E = Time spent auto-exploring this place.
 F = Levels seen in this place.
 G = Mean time per level.
                   A        B        C        D        E       F      G
               +--------+--------+--------+--------+--------+-----+--------+
         Total |   3963 |   3925 |     38 |      0 |   3605 |   4 |  990.8 |
       Dungeon |   3963 |   3925 |     38 |      0 |   3605 |   4 |  990.8 |
               +--------+--------+--------+--------+--------+-----+--------+

Top non-repeatable levels by time:
     D:1: 1579 daAuts
     D:3: 1160 daAuts
     D:2: 835 daAuts
     D:4: 387 daAuts

Table legend:
 A = Kills in this place as a percentage of kills in entire the game.
 B = Kills by you in this place as a percentage of kills by you in the entire game.
 C = Kills by friends in this place as a percentage of kills by friends in the entire game.
 D = Other kills in this place as a percentage of other kills in the entire game.
 E = Experience gained in this place as a percentage of experience gained in the entire game.
 F = Experience gained in this place divided by the number of levels of this place that you have seen.
                   A       B       C       D       E      F
               +-------+-------+-------+-------+-------+----------------------
         Total | 100.0 | 100.0 |   N/A |   N/A | 100.0 | 106.5
       Dungeon | 100.0 | 100.0 |   N/A |   N/A | 100.0 | 106.5
               +-------+-------+-------+-------+-------+----------------------
